Cogmind - Beta 15 @@@ ROGUE MODE // 2025.06.05 @ 19:16:29 Player: Olafz Result: Destroyed by Y-45 Defender with Heavy Assault Rifle Performance ------------- Evolutions (2) 1000 Regions Visited (5) 1000 Robots Destroyed (26) 130 Value Destroyed (854) 854 Prototype IDs (0) 0 Alien Tech Used (0) 0 Bonus (0) 0 TOTAL SCORE: 2984 Bonus ------- None Cogmind --------- Core Integrity 0/550 Matter 108/300 Energy 100/100 System Corruption 0% Temperature Cool (0) Movement Walking (120) Location -8/Storage Parts ------- > --- POWER (1) -------- (None) > --- PROPULSION (3) --- Aluminum Leg Aluminum Leg > --- UTILITY (5) ------ Small Storage Unit Improved Terrain Scan Processor > --- WEAPON (2) ------- Grenade Launcher > --- INVENTORY (8) ---- Ion Engine Light Ion Engine Improved Ion Engine Cryofiber Web Improved Terrain Scan Processor Improved Terrain Scan Processor Peak State ------------ > --- POWER ------------ Improved Ion Engine > --- PROPULSION ------- VSS Leg VSS Leg VSS Leg > --- UTILITY ---------- Cryofiber Web Small Storage Unit Improved Terrain Scan Processor > --- WEAPON ----------- Heavy Assault Rifle Heavy Assault Rifle > --- INVENTORY -------- Ion Engine Light Ion Engine Improved Ion Engine Cryofiber Web Improved Terrain Scan Processor Improved Terrain Scan Processor Grenade Launcher [Rating: 23] Favorites ----------- Power Improved Ion Engine Engine Improved Ion Engine Power Core Light Nuclear Core Propulsion Aluminum Leg Treads Improved Treads Leg Aluminum Leg Utility Small Storage Unit Device Heat Sink Storage Small Storage Unit Processor Improved Terrain Scan Processor Weapon Light Assault Rifle Ballistic Gun Light Assault Rifle Launcher Grenade Launcher Build | -11 -10 -9 -9 -8 -8 ------- Run | Yrd Mat Mat Min Mat Sto Slots Evolved 4 | . . 2 . 2 . Power . | . . . . . . Propulsion 1 | . . . . 1 . Utility 3 | . . 2 . 1 . Weapon . | . . . . . . Parts Attached 27 | 6 1 8 . 5 7 Power 4 | 1 1 1 . . 1 Engine 3 | 1 . 1 . . 1 Core 1 | . 1 . . . . Reactor . | . . . . . . Propulsion 12 | 2 . 4 . 3 3 Treads 2 | . . 2 . . . Leg 10 | 2 . 2 . 3 3 Wheel . | . . . . . . Hover . | . . . . . . Flight . | . . . . . . Utility 4 | 1 . 1 . 2 . Device 2 | . . 1 . 1 . Storage 1 | 1 . . . . . Processor 1 | . . . . 1 . Hackware . | . . . . . . Protection . | . . . . . . Artifact . | . . . . . . Weapon 7 | 2 . 2 . . 3 Energy Gun . | . . . . . . Energy Cannon . | . . . . . . Ballistic Gun 6 | 2 . 2 . . 2 Ballistic Cannon . | . . . . . . Launcher 1 | . . . . . 1 Special Weapon . | . . . . . . Impact Weapon . | . . . . . . Slashing Weapon . | . . . . . . Piercing Weapon . | . . . . . . Special Melee Weapon . | . . . . . . Unidentified Prototypes . | . . . . . . Parts Lost 12 | . . . . 1 11 Power 2 | . . . . . 2 Propulsion 4 | . . . . . 4 Utility 1 | . . . . . 1 Weapon 5 | . . . . 1 4 Highest Loss Streak 11 | . . . . 1 11 To Critical Strikes 1 | . . . . . 1 Average Backups 6 | 1 3 7 8 7 7 Power 2 | . 1 2 3 3 3 Propulsion 1 | 1 2 2 3 . . Utility . | . . . . 2 3 Weapon 1 | . . 1 2 1 . Tool/Special . | . . . . . . Unused Backups 8 | . . 1 . 2 5 Power 2 | . . . . . 2 Propulsion 3 | . . 1 . 2 . Utility 3 | . . . . . 3 Weapon . | . . . . . . Tool/Special . | . . . . . . Average Slot Usage (%) 73 | . 85 73 77 77 58 Engine 6 | . 11 1 11 9 3 Core 3 | . 2 9 . . . Treads 4 | . . 3 22 4 . Leg 18 | . 28 18 . 21 19 Device 6 | . . 8 11 9 5 Storage 10 | . 14 11 11 9 9 Processor 2 | . . . . 6 9 Ballistic Gun 19 | . 28 22 22 17 9 Peak Build Rating 23 | 6 8 11 11 23 23 Average Rating 11 | 4 6 9 11 20 14 On Entrance 9 | . 6 8 11 11 23 Naked Turns . | . . . . . . Heaviest Build 19 | 13 13 17 17 19 19 Greatest Support 43 | 20 20 43 43 43 36 Greatest Overweight (x) 2 | . . . . . 2 Average Overweight (x) . | . . . . . . Largest Inventory Capacity 8 | 8 8 8 8 8 8 Average Capacity 7 | 6 8 8 8 8 8 Most Carried 8 | 3 5 8 8 8 8 Average Carried 6 | 1 3 7 8 7 7 Final Capacity 8 | 8 8 8 8 8 8 Final Carried 8 | 3 5 8 8 8 6 Class Distribution -------------------- 64% | Mutant 35% | Scavenger-Mutant Dominant Class ---------------- Mutant | -10/Materials Scavenger-Mutant | -9/Materials Scavenger-Mutant | -9/Mines Mutant | -8/Materials Mutant | -8/Storage Resources | -11 -10 -9 -9 -8 -8 ----------- Run | Yrd Mat Mat Min Mat Sto Matter Collected 627 | 187 86 233 . 40 81 Remotely . | . . . . . . Salvage Created 979 | . 137 414 . 183 245 Parts 57 | . 4 30 . 10 13 Haulers Intercepted 2 | . 1 . . 1 . Recyclers Shooed . | . . . . . . Parts Field Recycled . | . . . . . . Retrieved Matter . | . . . . . . Parts Self-Destructed . | . . . . . . Prevented . | . . . . . . Kills | -11 -10 -9 -9 -8 -8 ------- Run | Yrd Mat Mat Min Mat Sto Combat Hostiles Destroyed 20 | . 2 7 . 4 7 Guns 15 | . 2 7 . 2 4 AOE 5 | . . . . 2 3 Classes Destroyed 9 | . 2 4 . . 3 Worker 2 | . . 1 . . 1 Hauler 2 | . 1 . . 1 . Operator 1 | . . . . . 1 Watcher 1 | . . 1 . . . Swarmer 2 | . . . . . 2 Grunt 12 | . 2 3 . 4 3 Brawler 1 | . . 1 . . . Sentry 4 | . . 3 . . 1 Hunter 1 | . . . . . 1 Best Kill Streak 5 | . 1 4 . 5 5 Combat Bots Only 4 | . 1 2 . 4 4 Max Kills in Single Turn 3 | . 1 1 . 3 3 Gunslinging . | . . . . . . Exploded 2 | . . . . 2 2 Melee . | . . . . . . Uniques/NPCs Destroyed . | . . . . . . Combat | -11 -10 -9 -9 -8 -8 -------- Run | Yrd Mat Mat Min Mat Sto Hostile Shots Fired 183 | . 13 30 . 21 119 Missed 57 | . 1 10 . 7 39 Hits 126 | . 12 20 . 14 80 Melee 2 | . . 2 . . . Projectile 124 | . 12 18 . 14 80 Critical Strikes 4 | . . 1 . . 3 Damage Taken 2062 | . 171 303 . 322 1266 Core 711 | . 33 115 . 132 431 Absorbed by Shields . | . . . . . . Core Remaining (%) 85 | 100 86 . 71 . . Volleys Fired 95 | . 15 24 . 13 43 Largest 2 | . 2 2 . 2 2 Hottest 46 | . 40 43 . 43 46 Shots Fired 156 | . 30 48 . 21 57 Gun 151 | . 30 48 . 21 52 Cannon . | . . . . . . Launcher 5 | . . . . . 5 Special . | . . . . . . Kinetic 151 | . 30 48 . 21 52 Thermal . | . . . . . . Explosive 5 | . . . . . 5 Electromagnetic . | . . . . . . Robot Hit Streak 12 | . 12 12 . 6 7 Robot Miss Streak 4 | . 3 2 . 2 4 Penetration Max . | . . . . . . Secondary Targets . | . . . . . . Shots Hit Robots 101 | . 19 34 . 15 33 Core Hits 53 | . 10 16 . 8 19 Critical Kills . | . . . . . . Critical Parts Destroyed . | . . . . . . Critical Strikes . | . . . . . . Melee Attacks . | . . . . . . Impact . | . . . . . . Slashing . | . . . . . . Piercing . | . . . . . . Sneak Attacks . | . . . . . . Combat Hostiles . | . . . . . . Follow-up Attacks . | . . . . . . Damage Inflicted 1755 | . 202 381 . 444 728 Guns 1204 | . 202 381 . 187 434 Cannons . | . . . . . . Explosions 551 | . . . . 257 294 Melee . | . . . . . . Ramming . | . . . . . . Kinetic 1204 | . 202 381 . 187 434 Thermal 257 | . . . . 257 . Explosive 294 | . . . . . 294 Electromagnetic . | . . . . . . Impact . | . . . . . . Slashing . | . . . . . . Piercing . | . . . . . . Highest Corruption . | . . . . . . Average Corruption . | . . . . . . Corruption Purged . | . . . . . . Corruption Blocked . | . . . . . . Overload Shots . | . . . . . . Overflow Damage 101 | . . . . 101 . Projectiles . | . . . . . . Explosions 101 | . . . . 101 . Melee . | . . . . . . Knockbacks . | . . . . . . Impact . | . . . . . . Kinetic . | . . . . . . Secondary . | . . . . . . Self-Inflicted Damage 247 | . . . . 99 148 Shots 6 | . . . . 1 5 Rammed . | . . . . . . Targets Rammed . | . . . . . . Kicked . | . . . . . . Crushed . | . . . . . . Highest Temperature 9 | . 9 8 . . 5 Average Temperature 7 | . 8 7 . . 4 Received Heat Transfer 591 | . 99 87 . 117 288 Siege Activations . | . . . . . . Martial Activations . | . . . . . . Shielding Activations . | . . . . . . Robots Disrupted . | . . . . . . Combat Hostiles . | . . . . . . Robots Corrupted . | . . . . . . Combat Hostiles . | . . . . . . Parts Fried . | . . . . . . Impact Corruptions . | . . . . . . Robots Melted . | . . . . . . Combat Hostiles . | . . . . . . Parts Melted . | . . . . . . Heat Transferred 200 | . . . . 200 . Parts Sabotaged . | . . . . . . Parts Stolen . | . . . . . . Parts Stripped . | . . . . . . Power Chain Reactions . | . . . . . . Alert | -11 -10 -9 -9 -8 -8 ------- Run | Yrd Mat Mat Min Mat Sto Maximum Alert Level . | . . . . . . Low Security (%) 100 | 100 100 100 100 100 100 Level 1 . | . . . . . . Level 2 . | . . . . . . Level 3 . | . . . . . . Level 4 . | . . . . . . Level 5 . | . . . . . . High Security . | . . . . . . Max Security . | . . . . . . Peak Influence 147 | . 35 112 31 147 82 Initial 61 | . . 10 31 . 61 Average 32 | . 7 47 9 34 51 Influence Increases 658 | . 72 202 . 177 207 Destroy 0b10 Robot/C 400 | . 40 140 . 80 140 Destroy 0b10 Robot/NC 30 | . 5 10 . 5 10 Destroy Leader 106 | . 12 52 . 12 30 Disable Machine 15 | . . . . 15 . Destroy Structure 62 | . . . . 35 27 Lose Combat Pursuer 45 | . 15 . . 30 . Influence Decreases 597 | . 47 145 82 30 293 Entered New Map 152 | . . 15 51 . 86 Time Decay 338 | . 47 130 31 20 110 Lost Part 107 | . . . . 10 97 Squads Dispatched 3 | . 1 1 . . 1 Investigation 1 | . . 1 . . . Extermination . | . . . . . . Reinforcement 2 | . 1 . . . 1 Assault . | . . . . . . Garrison . | . . . . . . Intercept . | . . . . . . Searches Triggered . | . . . . . . Construction Impeded . | . . . . . . Haulers Reinforced . | . . . . . . Active Scanning Responses . | . . . . . . Cargo Convoy Interrupts . | . . . . . . Stealth | -11 -10 -9 -9 -8 -8 --------- Run | Yrd Mat Mat Min Mat Sto Distress Signals 1 | . . . . . 1 Communications Jammed . | . . . . . . Distress Signals . | . . . . . . Times Spotted 31 | . 6 8 . 7 10 Peak Tracking Total 4 | . 2 2 . 3 4 Tactical Retreats 2 | . 1 . . 1 . Traps | -11 -10 -9 -9 -8 -8 ------- Run | Yrd Mat Mat Min Mat Sto Traps Triggered . | . . . . . . Indirectly . | . . . . . . Trap Hack Attempts . | . . . . . . Triggered . | . . . . . . Disarmed . | . . . . . . Reprogrammed . | . . . . . . Reused . | . . . . . . Traps Extracted . | . . . . . . Installed . | . . . . . . Triggered . | . . . . . . Machines | -11 -10 -9 -9 -8 -8 ---------- Run | Yrd Mat Mat Min Mat Sto Machines Disabled 1 | . . . . 1 . Max in Single Turn 1 | . . . . 1 . Machines Repaired . | . . . . . . Machines Dismantled . | . . . . . . Machines Sabotaged . | . . . . . . Overloaded Fab Kills . | . . . . . . Hacking | -11 -10 -9 -9 -8 -8 --------- Run | Yrd Mat Mat Min Mat Sto Machines Accessed 2 | . . 2 . . . Terminals 2 | . . 2 . . . Fabricators . | . . . . . . Repair Stations . | . . . . . . Recycling Units . | . . . . . . Scanalyzers . | . . . . . . Garrison Access . | . . . . . . Total Hacks 6 | . . 6 . . . Successful 2 | . . 2 . . . Failed 4 | . . 4 . . . Catastrophic 1 | . . 1 . . . Database Lockouts . | . . . . . . Manual 6 | . . 6 . . . Terminals 6 | . . 6 . . . Fabricators . | . . . . . . Repair Stations . | . . . . . . Recycling Units . | . . . . . . Scanalyzers . | . . . . . . Garrison Access . | . . . . . . Terminal Hacks . | . . . . . . Fabricator Hacks . | . . . . . . Repair Station Hacks . | . . . . . . Recycling Unit Hacks . | . . . . . . Scanalyzer . | . . . . . . Garrison Access Hacks . | . . . . . . Unauthorized Hacks 2 | . . 2 . . . Terminals 2 | . . 2 . . . Botnet 2 | . . 2 . . . Fabricators . | . . . . . . Repair Stations . | . . . . . . Recycling Units . | . . . . . . Scanalyzers . | . . . . . . Garrison Access . | . . . . . . Data Cores Recovered . | . . . . . . Used . | . . . . . . Hacking Detections 2 | . . 2 . . . Full Trace Events 2 | . . 2 . . . Feedback Events . | . . . . . . Feedback Blocked . | . . . . . . Robot Schematics Acquired . | . . . . . . Robots Built . | . . . . . . Authchips . | . . . . . . Time . | . . . . . . Total Robot Build Rating . | . . . . . . Part Schematics Acquired . | . . . . . . Parts Built . | . . . . . . Authchips . | . . . . . . Time . | . . . . . . Total Part Build Rating . | . . . . . . Parts Repaired . | . . . . . . Time . | . . . . . . Parts Recycled . | . . . . . . Recycled Matter . | . . . . . . Retrieved Matter . | . . . . . . Retrieved Components . | . . . . . . Parts Scanalyzed . | . . . . . . Part Schematics Acquired . | . . . . . . Parts Damaged . | . . . . . . Bothacking | -11 -10 -9 -9 -8 -8 ------------ Run | Yrd Mat Mat Min Mat Sto Used RIF Installer . | . . . . . . Robots Hacked . | . . . . . . Non-combat . | . . . . . . Combat . | . . . . . . Robot Hacks Applied . | . . . . . . Relay Couplers Released . | . . . . . . Fabnet Peak Effective % . | . . . . . . Robots Rewired . | . . . . . . Allies Hacked . | . . . . . . Hacks Repelled . | . . . . . . Allies | -11 -10 -9 -9 -8 -8 -------- Run | Yrd Mat Mat Min Mat Sto Total Allies . | . . . . . . Largest Group . | . . . . . . Highest-Rated Group . | . . . . . . Highest-Rated Ally . | . . . . . . Total Orders . | . . . . . . Ally Attacks . | . . . . . . Total Damage . | . . . . . . Kills . | . . . . . . Allies Corrupted . | . . . . . . Allies Melted . | . . . . . . Intel | -11 -10 -9 -9 -8 -8 ------- Run | Yrd Mat Mat Min Mat Sto Active Infowar (turns) . | . . . . . . Robot Analysis Total . | . . . . . . Derelict Logs Recovered 1 | . . . 1 . . Drone Launches . | . . . . . . Drone Recoveries . | . . . . . . Exploration | -11 -10 -9 -9 -8 -8 ------------- Run | Yrd Mat Mat Min Mat Sto Turns Passed 1051 | 56 189 318 136 119 233 Spaces Moved 532 | 42 115 163 77 55 80 Core 9 | 8 . . . . 1 Treads 115 | . . 28 77 10 . Legs 408 | 34 115 135 . 45 79 Wheels . | . . . . . . Hover . | . . . . . . Flight . | . . . . . . Fastest Speed 50 | 50 120 120 160 90 90 Average Speed 124 | 106 120 126 160 102 115 Slowest Speed 190 | 120 120 160 160 160 190 Overloaded Moves . | . . . . . . Propulsion Burnouts . | . . . . . . Robots Hopped . | . . . . . . Potential Cave-ins . | . . . . . . Cave-ins Triggered . | . . . . . . Exploration Rate (%) 17 | 4 37 15 20 10 16 Regions Visited 5 Branch Regions 2 Pre-discovered Areas . | . . . . . . Known Exits Taken 1 | . . . . 1 . Unknown Exits Taken 4 | 1 1 1 1 . . Scrap Searched . | . . . . . . Spaces Dug . | . . . . . . Terrain Destroyed 73 | . . . . 38 35 Melee . | . . . . . . Projectile . | . . . . . . AOE 73 | . . . . 38 35 Terrain Rammed . | . . . . . . Walls Destroyed . | . . . . . . Machines Disabled . | . . . . . . Actions | -11 -10 -9 -9 -8 -8 --------- Run | Yrd Mat Mat Min Mat Sto Total 772 | 50 138 233 90 99 162 Wait 95 | . 7 28 14 14 32 Move 527 | 41 114 162 76 54 80 Hop . | . . . . . . Pick Up 14 | 3 1 4 . 6 . Fast Attach 17 | 6 . 3 . 3 5 Attach 6 | . . 1 . 3 2 Detach . | . . . . . . Swap 5 | . 1 4 . . . Drop 13 | . . 7 . 6 . Fire 95 | . 15 24 . 13 43 Melee . | . . . . . . Ram . | . . . . . . Kick . | . . . . . . Crush . | . . . . . . Escape Stasis . | . . . . . . Rewire . | . . . . . . Trap . | . . . . . . Miscellaneous . | . . . . . . Route ------- -11/Scrapyard -10/Materials -9/Materials -9/Mines -8/Materials -8/Storage History --------- Turn | Location | Event 8 | -11/Scrapyard | Discovered new exit (range 15) 57 | -11/Scrapyard | Entered Materials 225 | -10/Materials | Discovered new exit (range 16) 246 | -10/Materials | Entered another Materials area 246 | -9/Materials | Evolved 2 slots: Utility x2 315 | -9/Materials | Build established: Mutant 505 | -9/Materials | Discovered new exit (range 13) 564 | -9/Materials | Entered Mines 591 | -9/Mines | Met a Derelict bent on vengeance 665 | -9/Mines | Build established: Scavenger-Mutant 667 | -9/Mines | Found a hidden stash of uninstalled traps 684 | -9/Mines | Discovered new exit (range 8) 700 | -9/Mines | Entered Materials 700 | -8/Materials | Evolved 2 slots: Propulsion x1, Utility x1 701 | -8/Materials | Identified exit to Storage 819 | -8/Materials | Entered Storage 905 | -8/Storage | Core integrity fell below 50% 969 | -8/Storage | Core integrity fell below 20% 1002 | -8/Storage | Lost 11 parts (2p4n1u4w) 1052 | -8/Storage | Destroyed by Y-45 Defender with Heavy Assault Rifle Last Messages --------------- Acquired Imp. Ion Engine. K-01 Serf collects debris. Slug penetrates Wall. Penetrated by Slug. Carbon-fiber Leg destroyed. H-55 Commando destroyed. Cryofiber Web destroyed. Imp. Ion Engine destroyed. Hvy. Assault Rifle destroyed. Lgt. Assault Rifle destroyed. Destroyed Imp. Heat Sink. G-47 Trooper destroyed. K-01 Serf destroyed. G-47 Trooper destroyed. The unstable cave ceiling collapses. K-01 Serf collects debris. Acquired Aluminum Leg. K-01 Serf collects debris. Acquired 14 matter. Critical hit (Burn: +37). Map ----- +----------------------------------------------------+ | ?????????????????????????????????????????????????? | | ?????????????????????????????????????????????????? | | ?????????????????????????????????????????????????? | | ?????????????????????????????????????????????????? | | ?????????????????????????????????????????????????? | | ?????????????????????????????????????????????????? | | ?????????????????????????????????????????????????? | | ?????????????????????????????????????????????????? | | ?????????????????????????????????????????????????? | | ?????????????????????????????????????????????????? | | ?????????????????????????#???????????????????????? | | ????????????????????????? ???????????????????????? | | ????????????????????????? ???????????????????????? | | ????????????????????????? ???????????????????????? | | ????????????????????????? ???????????????????????? | | ????????????????????????? ???????????????????????? | | ????????????????????????? ???????????????????????? | | ????????????????????????# #??????????????????????? | | ????????????????????????# #??????????????????????? | | ????????????????????????# #??????????????????????? | | ????????????????????????# #??????????????????????? | | ????????????????????????# #??????????????????????? | | ?#############??????????# #??????????????????????? | | ?# #???????#### ##?????????????????????? | | ## ######### #?????????????????????? | | # + k @ #?????????????????????? | | # ########### #?????????????????????? | | + #?????????# #?????????????????????? | | # #?????????# ?????????????????????? | | # #?????????# ????????????????????? | | ##############?????????+ Y ???????????????????? | | #? #????????????# ???????????????????? | | # #????????????# ##??????????????????? | | # #????????????#######???????????????????? | | " ""?????????????????????????????????????? | | # T"?????????????????????????????????????? | | # ]]""?????????????????????????????????????? | | #? ]]##?????????????????????????????????????? | | #? #??????????????????????????????????????? | | ###########??????????????????????????????????????? | | = #??????????????????????????????????????????????? | | # ############???????????????????????????????????? | | #???????????????????????????????????? | | #???????????????????????????????????? | | #???????????????????????????????????? | | #???????????????????????????????????? | | #???????????????????????????????????? | | ############???????????????????????????????????? | | ###??????????????????????????????????????????????? | | #????????????????????????????????????????????????? | +----------------------------------------------------+ Best States ------------- Heat Dissipation 51 Energy Generation 14 Energy Capacity 265 Matter Stores 300 Matter Capacity 300 Sight Range 16 Terrain Scan Density 110 Base Temperature (-) 100 Evasion (%) 57 Recoil Reduction 2 Item Schematics ----------------- None Robot Schematics ------------------ None Fabricated ------------ Nothing Repaired ---------- Nothing Alien Tech Used ----------------- None Achievements -------------- None Challenges ------------ None Game ------ Seed GravmagGunChargecaster Manual? 0 Play Time 00:10:14 Cumulative 267.5 hours Start 2025.06.05 @ 19:08:05 End 2025.06.05 @ 19:16:29 Sessions 1 Manual Loads 0 Difficulty Rogue Special Mode None Game No. 505 Rogue 503 Adventurer 2 Explorer 0 Win Type - Total 16 Types 11/0/1/3/1/0/0/0/0/0 Lore% 74 Gallery% 64 Achievement% 58 Wizard Run 0 Options --------- Layout 0 ASCII 0 Keyboard 1 Movement Numpad Keybinds 1 Fullscreen 2 Font 24/Smallcaps Map View 76x50 Zoom Use 0% Tactical HUD 1 Map Filters NONE Filters NONE Steam 1 RUN: 854ff196-4ce7-4fa5-8fbb-bcfda57eceaa